 Dungeon Crawl Stone Soup version 0.29-a0-334-gb41bcbb86e (webtiles) character file.

Game seed: 11320360446632170516

121 spaghetti the Magician (level 5, -2/31 HPs)
             Began as a Djinni Earth Elementalist on Apr 14, 2022.
             Was a Follower of Hepliaklqana.
             Slain by a gnoll
             ... wielding a +0 spear
              (3 damage)
             ... on level 3 of the Dungeon.
             The game lasted 00:03:45 (3841 turns).

spaghetti the Magician (Djinni Earth Elementalist)  Turns: 3841, Time: 00:03:46

Health: -2/31      AC:  2    Str:  7    XL:     5   Next: 26%
Gold:   145        EV: 12    Int: 18    God:    Hepliaklqana [*.....] SH:  0 Dex: 14

rFire   + + .      SeeInvis .   m - +0 dagger (venom) {short}
rCold   x . .      Faith    .   (no shield)
rNeg    . . .      Spirit   .   b - +0 robe
rPois   ∞          Reflect  .   (no helmet)
rElec   .          Harm     .   (no cloak)
rCorr   .          Rampage  .   (no gloves)
Will    .....                   (boots unavailable)
Stlth   +.........              (no amulet)
HPRegen 0.10/turn               (no ring)
MPRegen 0.00/turn               (no ring)

@: lit by a corona, flying, glowing
A: reduced essence, sickness immunity, fire resistance 2, cold vulnerability 1,
float, innate caster, HP casting, extra vitality 1
a: Renounce Religion, Recall Ancestor, Ancestor Identity


You were on level 3 of the Dungeon.
You worshipped Hepliaklqana.
Hepliaklqana was aware of your devotion.
You visited 1 branch of the dungeon, and saw 3 of its levels.

You collected 145 gold pieces.


Innate Abilities, Weirdness & Mutations

Your life essence is reduced to manifest your ancestor. (-10% HP)
You are immune to sickness and miasma.
You are immune to poison.
Your flesh is very heat resistant. (rF++)
You are vulnerable to cold. (rC-)
You float through the air rather than walking.
You learn spells naturally, not from books.
Your magical power is your life essence.
You have superior vitality. (+4 MHP)


   Skills:
 - Level 2.1 Dodging
 - Level 1.5 Stealth
 + Level 4.3 Spellcasting


You couldn't memorise any spells.
You knew the following spells:

 Your Spells              Type           Power      Damage    Failure   Level
a - Sandblast             Erth           38%        2d10      2%          1
b - Passwall              Tmut/Erth      15%        N/A       3%          2
c - Stone Arrow           Conj/Erth      38%        3d9       7%          3
d - Petrify               Tmut/Erth      19%        N/A       24%         4
e - Slow                  Hex            76%        N/A       2%          1
f - Poisonous Vapours     Pois/Air       38%        N/A       3%          2
Your spell library was empty.

Inventory:

Hand Weapons
 d - a +0 short sword {short}
   (You found it on level 1 of the Dungeon)
 i - a +0 spear {polearm}
   (You took it off a gnoll on level 1 of the Dungeon)
 m - a +0 dagger of venom (weapon) {short}
   (You took it off a goblin on level 1 of the Dungeon)
 n - a +0 dagger {short}
   (You took it off a goblin on level 1 of the Dungeon)
Missiles
 p - 6 poisoned darts {throwing}
 s - 18 stones {throwing}
Armour
 b - a +0 robe (worn)
Jewellery
 a - an amulet of the acrobat
   (You found it on level 2 of the Dungeon)
 e - a ring of magical power
   (You found it on level 1 of the Dungeon)
Wands
 u - a wand of mindburst (7)
   (You found it on level 3 of the Dungeon)
Scrolls
 f - 2 scrolls of identify {unknown}
 h - a scroll of enchant armour {unknown}
 j - a scroll of fear {unknown}
 o - 3 scrolls of teleportation {unknown}
 q - a scroll of summoning {unknown}
 r - 2 scrolls of magic mapping {unknown}
 t - a scroll of noise {unknown}
 v - a scroll of vulnerability {unknown}
Potions
 c - a potion of attraction {unknown}
 g - 3 potions of curing {@q1}
 k - a potion of resistance {unknown}
 l - 2 potions of degeneration {unknown}

Dungeon Overview and Level Annotations

Branches:
Dungeon (3/15)

Altars:
Hepliaklqana

#.#...#
#.#...#
#.#####
#.##'## #.#
#....#
#.############
#.........#
#########.#
#.# #g#######
#@.gg....
#########


You could see a gnoll shaman (extremely poisoned) and 2 gnolls.


Message History

Press: ? - help, Dir - move target, f - gnoll
Aim: a gnoll, wielding a +0 flail (asleep)
Okay, then.
The gnoll shouts!
A gnoll shaman comes into view. It is wielding a +0 club.
Casting: Poisonous Vapours (safe; 3% risk of failure)
Confirm with . or Enter, or press ? or * to list all spells.
Aiming: Poisonous Vapours (safe; 3% risk of failure)
Press: ? - help, Dir - move target, f - gnoll
Aim: a gnoll, wielding a +0 flail (wandering, hasn't noticed you) Poisonous vapours surround the gnoll!
The gnoll is poisoned.
The gnoll shouts! 😕 HP[-2]
You take 2 damage, and now have 29/31 hp.
Casting: Poisonous Vapours (safe; 3% risk of failure)
Confirm with . or Enter, or press ? or * to list all spells.
Aiming: Poisonous Vapours (safe; 3% risk of failure)
Press: ? - help, Dir - move target, f/p - gnoll
Aim: a gnoll, wielding a +0 flail (very poisoned, ally target) Poisonous vapours surround the gnoll!
The gnoll looks even sicker. 😕 HP[-2]
You take 2 damage, and now have 27/31 hp.
Casting: Poisonous Vapours (safe; 3% risk of failure)
Confirm with . or Enter, or press ? or * to list all spells.
Aiming: Poisonous Vapours (safe; 3% risk of failure)
Press: ? - help, Dir - move target, f/p - gnoll
Aim: a gnoll, wielding a +0 flail (very poisoned, ally target) Poisonous vapours surround the gnoll!
The gnoll looks as sick as possible!
The gnoll closely misses Jimmy.
Jimmy closely misses the gnoll.
A gnoll comes into view. It is wielding a +0 club.
Casting: Poisonous Vapours (safe; 3% risk of failure)
Confirm with . or Enter, or press ? or * to list all spells.
Aiming: Poisonous Vapours (safe; 3% risk of failure)
Press: ? - help, Dir - move target, f/p - gnoll
Aim: a gnoll, wielding a +0 flail (lightly wounded, extremely poisoned, ally target) Poisonous vapours surround the gnoll!
The gnoll looks as sick as possible!
The gnoll hits Jimmy with a +0 flail!
Jimmy hits the gnoll.
Casting: Poisonous Vapours (safe; 3% risk of failure)
Confirm with . or Enter, or press ? or * to list all spells.
Aiming: Poisonous Vapours (safe; 3% risk of failure)
Press: ? - help, Dir - move target, f/p - gnoll
Aim: a gnoll, wielding a +0 flail (almost dead, not watching you, extremely poisoned, ally target) Poisonous vapours surround the gnoll!
The gnoll looks as sick as possible!
You kill the gnoll!
Jimmy barely misses the gnoll shaman.
Casting: Poisonous Vapours (safe; 3% risk of failure)
Confirm with . or Enter, or press ? or * to list all spells.
Aiming: Poisonous Vapours (safe; 3% risk of failure)
Press: ? - help, Dir - move target, f - gnoll shaman
Aim: a gnoll shaman, wielding a +0 club and wearing a +0 leather armour (ally target) Poisonous vapours surround the gnoll shaman!
The gnoll shaman is poisoned.
The gnoll shaman hits Jimmy with a +0 club!
Jimmy is destroyed!
Casting: Poisonous Vapours (safe; 3% risk of failure)
Confirm with . or Enter, or press ? or * to list all spells.
Aiming: Poisonous Vapours (safe; 3% risk of failure)
Press: ? - help, Dir - move target, f/p - gnoll shaman
Aim: a gnoll shaman, wielding a +0 club and wearing a +0 leather armour (lightly wounded, poisoned) Poisonous vapours surround the gnoll shaman!
The gnoll shaman looks even sicker.
The gnoll shaman invokes the aid of its god against you.
You are outlined in light.
Casting: Poisonous Vapours (safe; 3% risk of failure)
Confirm with . or Enter, or press ? or * to list all spells.
Aiming: Poisonous Vapours (safe; 3% risk of failure)
Press: ? - help, Dir - move target, f/p - gnoll shaman
Aim: a gnoll shaman, wielding a +0 club and wearing a +0 leather armour (lightly wounded, very poisoned) Poisonous vapours surround the gnoll shaman!
The gnoll shaman looks even sicker.
Casting: Poisonous Vapours (safe; 3% risk of failure)
Confirm with . or Enter, or press ? or * to list all spells.
Aiming: Poisonous Vapours (safe; 3% risk of failure)
Press: ? - help, Dir - move target, f/p - gnoll shaman
Aim: a gnoll shaman, wielding a +0 club and wearing a +0 leather armour (moderately wounded, very poisoned) Poisonous vapours surround the gnoll shaman!
The gnoll shaman looks as sick as possible!
* * * LOW HITPOINT WARNING * * *
Casting: Poisonous Vapours (safe; 3% risk of failure)
Confirm with . or Enter, or press ? or * to list all spells.
Aiming: Poisonous Vapours (safe; 3% risk of failure)
Press: ? - help, Dir - move target, f/p - gnoll shaman
Aim: a gnoll shaman, wielding a +0 club and wearing a +0 leather armour (severely wounded, extremely poisoned) Poisonous vapours surround the gnoll shaman!
The gnoll shaman looks as sick as possible!
* * * LOW HITPOINT WARNING * * *
The gnoll shaman hits you with a +0 club.
* * * LOW HITPOINT WARNING * * *
The gnoll hits you from afar with a +0 spear.
* * * LOW HITPOINT WARNING * * *
Casting: Poisonous Vapours (safe; 3% risk of failure)
Confirm with . or Enter, or press ? or * to list all spells.
Aiming: Poisonous Vapours (safe; 3% risk of failure)
Press: ? - help, Dir - move target, f/p - gnoll shaman
Aim: a gnoll shaman, wielding a +0 club and wearing a +0 leather armour (severely wounded, extremely poisoned) Poisonous vapours surround the gnoll shaman!
The gnoll shaman looks as sick as possible!
* * * LOW HITPOINT WARNING * * *
The gnoll hits you from afar with a +0 spear.
You die...

Skill      XL: |  1  2  3  4 |
---------------+-------------+-----
Spellcasting   | 3 4 |  4.3
Dodging        | |  2.1
Stealth        | |  1.5

Action                   |  1- 3 |  4- 6 || total
-------------------------+-------+-------++-------
Melee: Dagger            |    10 |       ||    10
 Cast: Sandblast         |    30 |     6 ||    36
       Stone Arrow       |       |    28 ||    28
       Poisonous Vapours |       |    34 ||    34
Invok: Ancestor Identity |       |     1 ||     1
Armor: Robe              |     2 |     1 ||     3
Dodge: Dodged            |     9 |     5 ||    14

Levels and vault maps discovered:
D:1:      wheals_arrival_linesprint, layout_basic, chequers_serial_rivers_marsh
D:2:      layout_basic, shapermc_ecumenical_altar_hornbeckon
D:3:      wander_river, layout_basic

Notes
Turn   | Place    | Note
-------+----------+-------------------------------------------
     0 | D:1      | spaghetti the Djinni Earth Elementalist began the quest for
                  | the Orb.
     0 | D:1      | Reached XP level 1. HP: 15/15 MP: 0/0
     0 | D:1      | magus.rc [v1.9.6]
   205 | D:1      | Reached XP level 2. HP: 19/21 MP: 0/0
   361 | D:1      | Reached skill level 3 in Spellcasting
   395 | D:1      | Reached XP level 3. HP: 16/25 MP: 0/0
   395 | D:1      | Learned a level 1 spell: Slow
  1286 | D:2      | Reached XP level 4. HP: 23/31 MP: 0/0
  2142 | D:2      | Reached skill level 4 in Spellcasting
  2209 | D:2      | Found a faded altar of an unknown god.
  2298 | D:2      | Prayed at the altar of an unknown god.
  2298 | D:2      | Became a worshipper of Hepliaklqana the Forgotten
  2298 | D:2      | Reached * piety under Hepliaklqana
  2951 | D:3      | Reached XP level 5. HP: 22/31 MP: 0/0
  2951 | D:3      | Learned a level 2 spell: Poisonous Vapours
  3840 | D:3      | HP: 6/31 [gnoll shaman/+0 club (6)]
  3841 | D:3      | Slain by a gnoll

Vanquished Creatures
  2 gnolls
  3 adders (D:2)
  4 worms
  2 dart slugs
  6 endoplasms
  4 giant cockroaches
  6 goblins
  6 hobgoblins
  4 quokkas
  5 ball pythons
  2 bats
  4 frilled lizards
  4 kobolds
  6 rats
58 creatures vanquished.

Vanquished Creatures (collateral kills)
  An endoplasm (D:3)
  A ball python (D:3)
2 creatures vanquished.

Vanquished Creatures (others)
  An ancestor (D:3)
  5 fungi (D:2)
  3 plants (D:2)
9 creatures vanquished.

Grand Total: 69 creatures vanquished

Table legend:
 A = Non-vault XP
 B = Vault XP
 C = Vault XP percentage of total XP
 D = Non-vault monster count
 E = Vault monster count
 F = Vault count percentage of total count
                 A         B        C        D         E       F
            +---------+---------+-------+---------+---------+-------
      Total |     174 |       0 |   0.0 |      60 |       0 |   0.0
            +---------+---------+-------+---------+---------+-------
        D:1 |      47 |       0 |   0.0 |      21 |       0 |   0.0
        D:2 |      73 |       0 |   0.0 |      18 |       0 |   0.0
        D:3 |      54 |       0 |   0.0 |      21 |       0 |   0.0
            +---------+---------+-------+---------+---------+-------

Illustrated notes

Table legend:
 A = Kills in this place as a percentage of kills in entire the game.
 B = Kills by you in this place as a percentage of kills by you in the entire game.
 C = Kills by friends in this place as a percentage of kills by friends in the entire game.
 D = Other kills in this place as a percentage of other kills in the entire game.
 E = Experience gained in this place as a percentage of experience gained in the entire game.
 F = Experience gained in this place divided by the number of levels of this place that you have seen.
                   A       B       C       D       E      F
               +-------+-------+-------+-------+-------+----------------------
         Total | 100.0 | 100.0 | 100.0 |   N/A | 100.0 |  58.0
       Dungeon | 100.0 | 100.0 | 100.0 |   N/A | 100.0 |  58.0
               +-------+-------+-------+-------+-------+----------------------

Table legend: (Time is in decaauts)
 A = Elapsed time spent in this place.
 B = Non-inter-level travel time spent in this place.
 C = Inter-level travel time spent in this place.
 D = Time resting spent in this place.
 E = Time spent auto-exploring this place.
 F = Levels seen in this place.
 G = Mean time per level.
                   A        B        C        D        E       F      G
               +--------+--------+--------+--------+--------+-----+--------+
         Total |   3840 |   3698 |    142 |    385 |   3034 |   3 | 1280.0 |
       Dungeon |   3840 |   3698 |    142 |    385 |   3034 |   3 | 1280.0 |
               +--------+--------+--------+--------+--------+-----+--------+

Top non-repeatable levels by time:
     D:3: 1412 daAuts
     D:2: 1215 daAuts
     D:1: 1211 daAuts
